 Dungeon Crawl Stone Soup version 0.30-a0-728-gc68057be0a (webtiles) character file.

Game seed: 4903331364703754566

22046 jimonade the Covert (level 12, 0/62 HPs)
             Began as a Vine Stalker Brigand on Jan 31, 2023.
             Was the Champion of Uskayaw.
             Slain by a komodo dragon (18 damage)
             ... on level 4 of the Lair of Beasts.
             The game lasted 00:37:23 (11459 turns).

jimonade the Covert (Vine Stalker Brigand)         Turns: 11459, Time: 00:37:23

Health: 0/62       AC: 10    Str: 13    XL:     12   Next: 96%
Magic:  0/19       EV: 21    Int: 13    God:    Uskayaw [******]
Gold:   614        SH:  6    Dex: 20    Spells: 11/11 levels left

rFire   . . .      SeeInvis .    a - +3 short sword (elec)
rCold   + . .      Faith    +    P - +0 buckler
rNeg    + . .      Spirit   +    J - +1 robe "Nogateadd" {rPois Regen+ Str-2 Archmagi}
rPois   +          Reflect  .    w - +1 helmet of the Tuna {rElec rC+ rN+ Int+2}
rElec   +          Harm     .    v - +1 cloak
rCorr   .          Rampage  .    (no gloves)
Will    +....      Archmagi +    Q - +2 pair of boots
Stlth   ++++++                   W - amulet of faith
HPRegen 1.90/turn                s - +5 ring of evasion
MPRegen 0.16/turn                U - ring of poison resistance

@: no status effects
A: fangs 3, regeneration 1, magic shield, antimagic bite, no potion heal 2
a: Renounce Religion, Stomp, Line Pass, Grand Finale


You were on level 4 of the Lair of Beasts.
You worshipped Uskayaw.
Uskayaw was aware of your devotion.
You visited 3 branches of the dungeon, and saw 15 of its levels.
You also visited: Sewer and Bailey.

You collected 614 gold pieces.

Inventory:

Hand Weapons
 a - a +3 short sword of electrocution (weapon)
 c - a +0 sling
 l - a +1 short sword of holy wrath
 n - a +4 short sword
 x - a +5 dagger of protection
 z - a +0 dagger of venom
 I - a +2 short sword of freezing
Missiles
 d - 45 poisoned darts (quivered)
 e - 6 curare-tipped darts
 h - 5 silver javelins
 k - 9 throwing nets
Armour
 g - a +0 leather armour
 p - a +0 ring mail
 r - the +1 leather armour "Betam" {+Inv rN+}
   (You found it on level 4 of the Dungeon)

   rN:        It protects you from negative energy.
   +Inv:      It lets you turn invisible.
 v - a +1 cloak (worn)
 w - the +1 helmet of the Tuna (worn) {rElec rC+ rN+ Int+2}
   (You took it off Robin on level 3 of the Dungeon)

   Int:       It affects your intelligence (+2).
   rC:        It protects you from cold.
   rElec:     It insulates you from electricity.
   rN:        It protects you from negative energy.
 H - a +0 plate armour
 J - the +1 robe "Nogateadd" (worn) {rPois Regen+ Str-2 Archmagi}
   (You found it on level 6 of the Dungeon)

   Str:       It affects your strength (-2).
   rPois:     It protects you from poison.
   Regen:     It increases your rate of health regeneration.
   Archmagi:  It increases the power of your magical spells.
 P - a +0 buckler (worn)
 Q - a +2 pair of boots (worn)
Jewellery
 s - a +5 ring of evasion (left hand)
 A - the ring of the Eagle {rElec Str+6 SInv}
   (You found it on level 5 of the Dungeon)

   [ring of strength]

   Str:       It affects your strength (+6).
   rElec:     It insulates you from electricity.
   SInv:      It lets you see invisible.
 U - a ring of poison resistance (right hand)
 W - an amulet of faith (around neck)
 X - a +6 ring of dexterity
Wands
 y - a wand of light (5)
 E - a wand of iceblast (10)
 G - a wand of mindburst (9)
 K - a wand of polymorph (26)
 N - a wand of digging (6)
 V - a wand of paralysis (2)
 Z - a wand of flame (6)
Scrolls
 b - 2 scrolls of enchant armour
 i - 3 scrolls of teleportation
 j - 3 scrolls of fear
 B - a scroll of summoning
 O - a scroll of poison
 S - a scroll of enchant weapon
 Y - a scroll of magic mapping
Potions
 f - a potion of ambrosia
 m - 2 potions of brilliance
 o - a potion of haste
 q - a potion of berserk rage {unknown}
 t - 4 potions of curing
 u - 2 potions of attraction
 C - 2 potions of flight
 D - a potion of invisibility {unknown}
 F - 2 potions of mutation {unknown}
 M - 2 potions of might
 R - a potion of cancellation {unknown}
 T - a potion of magic {unknown}
Miscellaneous
 L - a condenser vane


   Skills:
 + Level 6.5 Fighting
 - Level 10.0 Short Blades
 - Level 2.0 Ranged Weapons
 - Level 1.7 Throwing
 - Level 3.5 Armour
 + Level 6.5 Dodging
 + Level 14.6 Stealth
 + Level 3.6 Shields
 * Level 8.9 Invocations


You had 11 spell levels left.
You didn't know any spells.
Your spell library contained the following spells:

 Spells                   Type           Power      Damage    Failure   Level
 Summon Small Mammal      Summ           0%         N/A       38%         1
 Blink                    Tloc           0%         N/A       52%         2
 Lesser Beckoning         Tloc           0%         N/A       52%         2
 Momentum Strike          Conj/Tloc      0%         3d8       52%         2
 Call Canine Familiar     Summ           0%         N/A       77%         3
 Portal Projectile        Hex/Tloc       0%         N/A       77%         3
 Summon Guardian Golem    Hex/Summ       0%         N/A       77%         3
 Tukima's Dance           Hex            0%         N/A       77%         3
 Blade Hands              Tmut           0%         N/A       100%        5


Dungeon Overview and Level Annotations

Branches:
Dungeon (10/15)            Temple (1/1) D:4            Lair (4/5) D:9
 Shoals (0/4) Lair:3        Snake (0/4) Lair:3          Orc (0/2) D:9
  Sewer (visited)          Bailey (visited)
  Slime: Lair:4-5

Altars:
Ashenzari
Cheibriados
Dithmenos
Elyvilon
Fedhas
Gozag
Hepliaklqana
Kikubaaqudgha
Makhleb
Nemelex Xobeh
Okawaru
Qazlal
Ru
Sif Muna
Trog
Uskayaw
Vehumet
Wu Jian
Xom
Yredelemnul
Zin
The Shining One

Shops:
D:4 :   D:7 [

Annotations:
D:9 1 runed translucent door, hikkokomori's ghost, journeyman MfGl
D:10 Josephine


Innate Abilities, Weirdness & Mutations

You have razor-sharp teeth.
Your natural rate of healing is unusually fast.
When hurt, damage is shared between your health and your magic reserves.
Your bite disrupts and absorbs the magic of your enemies.
Potions cannot restore your health.


Message History

The lindwurm is heavily wounded.
You puncture the lindwurm!
The lindwurm is heavily wounded.
The lindwurm bites you but does no damage.
The lindwurm misses you. x2; The elephant tramples you.
You hold your ground!
You block the elephant's attack.
You hit the lindwurm. Your bite misses the lindwurm.
The lindwurm is heavily wounded.
You block the elephant's attack.
The elephant trunk-slaps you but does no damage.
The lindwurm closely misses you.
The lindwurm claws you but does no damage.
The lindwurm claws you.
You hit the lindwurm but do no damage. Lightning courses through the lindwurm!
Your bite misses the lindwurm.
The lindwurm is severely wounded.
You completely miss the lindwurm.
You bite the lindwurm, but do no damage.
The lindwurm is severely wounded.
The lindwurm breathes flames at you. The blast of flame hits you!!
* * * LOW HITPOINT WARNING * * *
The elephant barely misses you. The elephant completely misses you.
Okay, then.
You stomp with the beat, sending a shockwave through the revellers around you!
The lindwurm is almost dead.
The elephant is moderately wounded.
The komodo dragon is heavily wounded.
The komodo dragon closely misses you. The lindwurm misses you.
The lindwurm completely misses you. You block the lindwurm's attack.
The elephant closely misses you.
The elephant trunk-slaps you but does no damage.
Uskayaw links your audience in an emotional bond!
You don't have enough magic at the moment.
You don't have enough magic at the moment.
You don't have enough magic at the moment.
The elephant attacks as you move away! The elephant closely misses you. x2
The komodo dragon attacks as you move away!
The komodo dragon bites you!!
You die...

### ## ##.P##.###
.P#........P####
P............?.#####
.........(......#..
###......###.......#
#.##l...##†#......#.
#..#.†@#...##.##...###.
#...kYh......#....#..
...#.###....PP.##....#>.
#..†.†$..†#............
....h.#.†#..###...#...#.
....# #####...###..#..#.
... .#....####..## . Y.
.##Y.. ...# #.. .. P.
..##


You could see an elephant (pain bonded), a lindwurm (catching breath, pain
bonded), a komodo dragon (pain bonded) and a black bear (pain bonded).

Vanquished Creatures
  2 hydras
  Harold (Lair:1)
  A two-headed ogre (D:9)
  A fire crab (D:9)
  An orc knight (Bailey)
  19 elephants (Lair:4)
  A black mamba (Lair:3)
  A merfolk siren (Lair:3)
  A cane toad (Lair:2)
  A komodo dragon (Lair:2)
  4 blink frogs (Lair:3)
  Grinder (D:4)
  2 slime creatures (D:8)
  A wyvern (Lair:3)
  18 yaks
  A wraith (D:9)
  2 basilisks (Lair:2)
  A steam dragon (Lair:2)
  4 nagas (Lair:3)
  A water moccasin (Lair:1)
  Duvessa (D:4)
  13 orc warriors
  2 ice beasts (D:6)
  3 sky beasts
  4 black bears
  6 ogres
  4 centaurs
  2 phantoms
  7 kobold brigands
  10 bullfrogs
  A scorpion (D:4)
  Dowan (D:4)
  7 killer bees
  6 howler monkeys
  4 hounds
  4 jellies
  2 iguanas
  5 orc priests
  2 gnoll boudas
  Ijyb (D:5)
  6 orc wizards
  Robin (D:3)
  17 gnolls
  2 river rats (Sewer)
  11 adders
  A white imp (D:6)
  An ufetubus (D:6)
  A worm (D:3)
  2 dart slugs
  35 orcs
  8 endoplasms
  8 giant cockroaches
  26 goblins
  25 hobgoblins
  7 jackals
  24 kobolds
  7 quokkas
  11 ball pythons
  7 bats
  7 frilled lizards
  5 rats
361 creatures vanquished.

Vanquished Creatures (collateral kills)
  A giant cockroach (D:6)
1 creature vanquished.

Vanquished Creatures (others)
  5 fungi
  25 plants
  9 toadstools (D:8)
39 creatures vanquished.

Grand Total: 401 creatures vanquished

Notes
Turn   | Place    | Note
-------+----------+-------------------------------------------
     0 | D:1      | jimonade the Vine Stalker Brigand began the quest for the
                  | Orb.
     0 | D:1      | Reached XP level 1. HP: 11/11 MP: 2/2
    32 | D:1      | Reached skill level 5 in Stealth
   156 | D:1      | Reached XP level 2. HP: 15/15 MP: 3/3
   212 | D:1      | Found a faded altar of an unknown god.
   785 | D:2      | Reached XP level 3. HP: 18/18 MP: 4/4
   894 | D:2      | Found a sacrificial altar of Ru.
  1319 | D:2      | Gained mutation: Your natural rate of healing is unusually
                  | fast. [Vine Stalker growth]
  1319 | D:2      | Reached XP level 4. HP: 22/23 MP: 5/5
  1807 | D:3      | Reached skill level 1 in Dodging
  1898 | D:3      | Found a shimmering blue altar of Sif Muna.
  2553 | D:4      | Noticed a black bear
  2565 | D:3      | Killed a black bear
  2566 | D:3      | Reached skill level 1 in Armour
  2566 | D:3      | Reached XP level 5. HP: 9/26 MP: 1/6
  2747 | D:3      | Reached XP level 6. HP: 19/30 MP: 7/7
  2829 | D:4      | Identified the +1 leather armour "Betam" {+Inv rN+}
  2866 | D:4      | Found a staircase to the Ecumenical Temple.
  2880 | D:4      | Identified the +1 helmet of the Tuna {rElec rC+ rN+ Int+2}
  2880 | D:4      | Noticed Robin
  2882 | Temple   | Entered the Ecumenical Temple
  2945 | Temple   | Became a worshipper of Uskayaw the Reveller
  2952 | D:4      | Noticed Grinder
  3046 | D:4      | Reached * piety under Uskayaw
  3089 | D:4      | Reached ** piety under Uskayaw
  3163 | D:3      | Killed Robin
  3189 | D:4      | Reached *** piety under Uskayaw
  3190 | D:4      | Killed Grinder
  3191 | D:4      | Reached skill level 1 in Invocations
  3191 | D:4      | Reached XP level 7. HP: 35/35 MP: 8/8
  3214 | D:4      | Reached skill level 5 in Short Blades
  3320 | D:4      | Reached **** piety under Uskayaw
  3393 | D:4      | Noticed Duvessa
  3393 | D:4      | Noticed Dowan
  3404 | D:4      | Killed Duvessa
  3406 | D:4      | Killed Dowan
  3407 | D:4      | Gained mutation: You have razor-sharp teeth. [Vine Stalker
                  | growth]
  3407 | D:4      | Reached XP level 8. HP: 40/40 MP: 10/10
  3463 | D:4      | Found Teuw's Book Emporium.
  3591 | D:5      | Entered Level 5 of the Dungeon
  3591 | D:5      | Noticed Ijyb
  3598 | D:5      | Killed Ijyb
  3857 | D:5      | Found a hazy altar of Hepliaklqana.
  3870 | D:5      | Identified the ring of the Eagle {rElec Str+6 SInv}
  4600 | D:6      | Found a glowing drain.
  4622 | Sewer    | Entered a sewer
  5094 | Sewer    | Reached XP level 9. HP: 35/44 MP: 9/12
  5491 | D:6      | Found a broken altar of Ashenzari.
  5652 | D:6      | Found a sparkling altar of Nemelex Xobeh.
  5912 | D:6      | Identified the +1 robe "Nogateadd" {rPois Regen+ Str-2
                  | Archmagi}
  6432 | D:7      | Found Zilo's Armour Shoppe.
  6761 | D:8      | Found a shadowy altar of Dithmenos.
  6847 | D:8      | Reached skill level 6 in Stealth
  6898 | D:8      | Reached ***** piety under Uskayaw
  6971 | D:8      | Found an iron altar of Okawaru.
  7182 | D:8      | Reached skill level 1 in Ranged Weapons
  7182 | D:8      | Reached XP level 10. HP: 49/49 MP: 14/14
  7339 | D:8      | Reached skill level 7 in Stealth
  7366 | D:8      | Reached skill level 5 in Invocations
  7628 | D:9      | Found a runed translucent door.
  7642 | D:9      | Noticed hikkokomori's ghost (journeyman MfGl)
  7652 | D:9      | Found a flagged portal.
  7669 | D:9      | Reached skill level 8 in Stealth
  7761 | D:9      | Reached skill level 10 in Short Blades
  7805 | D:9      | Noticed a two-headed ogre
  7807 | D:9      | Killed a two-headed ogre
  7808 | D:9      | Reached skill level 9 in Stealth
  7906 | D:9      | Noticed a purple ugly thing
  7907 | D:9      | Noticed a seven-headed hydra
  7931 | D:9      | Reached skill level 10 in Stealth
  8091 | Bailey   | Entered a bailey
  8165 | Bailey   | Reached XP level 11. HP: 53/53 MP: 16/16
  8211 | Bailey   | Noticed an orc knight
  8449 | Bailey   | Killed an orc knight
  8544 | Bailey   | Noticed an orc warlord
  8626 | D:9      | Found a staircase to the Orcish Mines.
  8639 | D:9      | Reached skill level 1 in Shields
  8669 | D:9      | Noticed a fire crab
  8743 | D:10     | Entered Level 10 of the Dungeon
  8913 | D:10     | Noticed Josephine
  9066 | D:9      | Killed a fire crab
  9067 | D:9      | Reached skill level 11 in Stealth
  9073 | D:9      | Found a staircase to the Lair.
  9164 | Lair:1   | Entered Level 1 of the Lair of Beasts
  9199 | Lair:1   | Noticed a five-headed hydra
  9218 | Lair:1   | Killed a five-headed hydra
  9313 | Lair:1   | You fall into a shaft and drop 1 floor!
  9659 | Lair:1   | Noticed Harold
  9666 | Lair:1   | Killed Harold
  9667 | Lair:1   | Reached skill level 5 in Fighting
  9883 | Lair:2   | Reached skill level 5 in Dodging
 10409 | Lair:3   | Reached skill level 12 in Stealth
 10512 | Lair:3   | Reached XP level 12. HP: 60/60 MP: 18/18
 10688 | Lair:3   | Found a staircase to the Snake Pit.
 10805 | Lair:3   | Found a staircase to the Shoals.
 11237 | Lair:4   | Noticed an eight-headed hydra
 11243 | Lair:4   | Killed an eight-headed hydra
 11244 | Lair:4   | Reached skill level 13 in Stealth
 11306 | Lair:4   | Reached ****** piety under Uskayaw
 11416 | Lair:4   | Reached skill level 14 in Stealth
 11447 | Lair:4   | Noticed a dire elephant
 11459 | Lair:4   | Slain by a komodo dragon

Illustrated notes

Levels and vault maps discovered:
D:1:      dpeg_arrival_rooms_c, layout_basic, nicolae_ecumenical_snake_handling
D:2:      layout_basic, basic_altar, serial_glass, glass_columns_b,
          glass_columns_a, minmay_fountain_box, minmay_misc_feat_tiny,
          serial_park_tiny_1, minmay_bisected
D:3:      layout_basic, nicolae_sif_muna_condensation
D:4:      layout_basic, minmay_temple_entry_arrows, serial_shops,
          nicolae_shop_advertising_works [nicolae_subvault_shop_adworks],
          uniq_robin, uniq_duvessa, uniq_grinder
D:5:      layout_gridville, mainiacjoe_overflow_paths, uniq_ijyb
D:6:      layout_loops_ring, nicolae_ashenzari_skybound,
          mainiacjoe_overflow_small_starburst, portal_sewer_entry_f
D:7:      layout_loops_ring, serial_shops, nicolae_square_shop
D:8:      cheibrodos_fertilizer, layout_basic,
          grunt_dithmenos_smoke_and_mirrors,
          hellmonk_okawaru_the_only_friend_you_need, serial_glass,
          glass_columns_b, glass_columns_b, item_on_display_a,
          minmay_strange_pillars
D:9:      minmay_the_grid_triangle_9x9_rhombus_full
          [minmay_the_grid_triangle_9x9_checkered,
          minmay_the_grid_triangle_9x9_tough_junction,
          minmay_the_grid_triangle_9x9_wacky_v,
          minmay_the_grid_triangle_9x9_negative_grid,
          minmay_the_grid_triangle_9x9_warning,
          minmay_the_grid_triangle_9x9_limited_checkers,
          minmay_the_grid_triangle_9x9_corrupted_corridor,
          minmay_the_grid_triangle_9x9_prize_top_heavy], layout_rooms,
          minmay_lair_entry_lava, orc_0_dummy, hellmonk_ghost_happy_afterlife,
          enter_bailey_2, serial_bayou_lagoon_a
D:10:     layout_basic, uniq_josephine, uniq_psyche
Temple:   nicolae_temple_x_marks_the_god
Lair:1:   layout_big_grid, uniq_harold
Lair:2:   layout_regular_city
Lair:3:   layout_chaotic_city, minmay_shoals_entry_lonely_mermaid,
          guppyfry_snake_entry_island, beast_lair_carwin_5,
          infiniplex_staircase_pool_2, grunt_megastairs_1, lemuel_fruit_tree
Lair:4:   beast_lair_carwin_large_4, layout_gridlike, ldierk_geyser,
          minivault_23, grunt_megastairs_5

Skill      XL: |  1  2  3  4  5  6  7  8  9 10 11 12 |
---------------+-------------------------------------+-----
Stealth        | 5 6 10 12 14 | 14.6
Short Blades   | 2 3 4 5 7 9 10 | 10.0
Fighting       | 2 3 4 5 6 |  6.5
Dodging        | 1 2 3 4 5 6 |  6.5
Armour         | 1 2 3 |  3.5
Invocations    | 1 2 3 4 6 7 8 |  8.9
Ranged Weapons | 1 2 |  2.0
Shields        | 2 3 |  3.6
Throwing       | |  1.7

Action                     |  1- 3 |  4- 6 |  7- 9 | 10-12 || total
---------------------------+-------+-------+-------+-------++-------
  Melee: Dagger            |    52 |       |       |    13 ||    65
         Bite              |    17 |    38 |    88 |   181 ||   324
         Short sword       |    35 |   135 |   324 |   466 ||   960
         Punch             |       |     2 |     4 |     1 ||     7
   Fire: Sling             |       |     1 |     2 |    15 ||    18
  Throw: Dart              |       |       |    21 |     5 ||    26
 Invoke: Line Pass         |       |       |     1 |       ||     1
         Stomp             |       |       |       |     1 ||     1
    Use: Scroll            |       |     7 |     9 |     5 ||    21
         Potion            |       |       |       |     1 ||     1
   Stab: Sleeping          |    10 |     3 |     9 |    23 ||    45
         Distracted        |       |     1 |     2 |     1 ||     4
         Paralysed         |       |     1 |    10 |    37 ||    48
         Confused          |       |       |     1 |       ||     1
 Armour: Robe              |     5 |       |    11 |    59 ||    75
         Leather armour    |    24 |    16 |    36 |       ||    76
         Ring mail         |       |    24 |       |       ||    24
  Dodge: Dodged            |    38 |    82 |   163 |   254 ||   537
  Block: Buckler           |       |       |       |    73 ||    73

Table legend: (Time is in decaauts)
 A = Elapsed time spent in this place.
 B = Non-inter-level travel time spent in this place.
 C = Inter-level travel time spent in this place.
 D = Time resting spent in this place.
 E = Time spent auto-exploring this place.
 F = Levels seen in this place.
 G = Mean time per level.
                   A        B        C        D        E       F      G
               +--------+--------+--------+--------+--------+-----+--------+
         Total |  11243 |  10625 |    618 |    252 |   7220 |  17 |  661.4 |
       Dungeon |   7778 |   7238 |    540 |    252 |   4935 |  10 |  777.8 |
        Temple |     69 |     64 |      5 |      0 |     46 |   1 |   69.0 |
          Lair |   2200 |   2127 |     73 |      0 |   1664 |   4 |  550.0 |
         Sewer |    784 |    784 |      0 |      0 |    513 |   1 |  784.0 |
        Bailey |    410 |    410 |      0 |      0 |     61 |   1 |  410.0 |
               +--------+--------+--------+--------+--------+-----+--------+

Top non-repeatable levels by time:
     D:3: 1183 daAuts
     D:5: 953 daAuts
     D:8: 883 daAuts
     D:2: 859 daAuts
  Lair:3: 825 daAuts
     D:6: 786 daAuts
   Sewer: 784 daAuts
     D:1: 759 daAuts
     D:9: 722 daAuts
     D:7: 688 daAuts
  Lair:2: 677 daAuts
     D:4: 669 daAuts
  Lair:1: 515 daAuts
  Bailey: 410 daAuts
    D:10: 273 daAuts
